 Dungeon Crawl Stone Soup version 0.25-a0-632-g7713895373 (webtiles) character file.

Game seed: 2762723762183962450, levelgen mode: classic

2156 EnegeticOcto the Chopper (level 9, -7/55 HPs)
             Began as an Octopode Fighter on Mar 19, 2020.
             Was a Priest of Makhleb.
             Killed by divine providence
             ... invoked by an orc priest
              (14 damage)
             ... on level 7 of the Dungeon.
             The game lasted 00:05:26 (7687 turns).

EnegeticOcto the Chopper (Octopode Fighter)         Turns: 7687, Time: 00:05:27

Health: -7/55      AC:  1    Str: 15    XL:     9   Next: 31%
Magic:  12/12      EV: 15    Int: 10    God:    Makhleb [***...]
Gold:   183        SH: 11    Dex: 17    Spells: 8/8 levels left

rFire    . . .     SeeInvis .   t - +2 hand axe (freeze)
rCold    + . .     Gourm    .   b - +1 kite shield
rNeg     . . .     Faith    .   (helmet restricted)
rPois    .         Spirit   .   (no amulet)
rElec    .         Reflect  .   j - ring of protection from cold
rCorr    +         Harm     .   r - ring of resist corrosion
MR       .....                  u - +2 ring of dexterity
Stlth    +++.......             (no ring)
HPRegen  0.18/turn              (no ring)
MPRegen  0.13/turn              (no ring)
                                (no ring)
                                (no ring)

@: slowed, very slow
A: almost no armour, stealthy swim, amphibious, 8 rings, constrict 8, camouflage
1, frail 1, gelatinous body 1
a: Minor Destruction, Lesser Servant of Makhleb, Renounce Religion


You were on level 7 of the Dungeon.
You worshipped Makhleb.
Makhleb was most pleased with you.
You were not hungry.

You visited 1 branch of the dungeon, and saw 7 of its levels.

You collected 271 gold pieces.
You spent 88 gold pieces at shops.

Inventory:

Hand Weapons
 a - a +1 war axe
 t - a +2 hand axe of freezing (weapon)
Missiles
 q - a throwing net (quivered)
Armour
 b - a +1 kite shield (worn)
Jewellery
 f - an uncursed ring of fire
 j - a ring of protection from cold (left tentacle)
 r - a ring of resist corrosion (right tentacle)
 u - a +2 ring of dexterity (on tentacle)
Wands
 i - a wand of iceblast (4)
 s - a wand of paralysis (6)
Scrolls
 m - 2 scrolls of immolation {@r4}
 x - a scroll of magic mapping {@r5}
Potions
 c - 2 potions of heal wounds {@q2}
 d - 7 potions of curing {@q1}
 h - 2 potions of stabbing {unknown}
 k - 2 potions of might {@q3}
 l - 2 potions of ambrosia {unknown}
 n - a potion of haste {@q4}
 o - a potion of berserk rage
 p - a potion of degeneration {unknown}
 v - a potion of lignification {unknown}
 z - 2 potions of invisibility {unknown}
Comestibles
 e - 10 rations
 g - 3 chunks of flesh


   Skills:
 + Level 5.6 Fighting
 * Level 7.1 Axes
 + Level 5.6 Dodging
 + Level 5.5 Shields
 + Level 4.6 Invocations
 + Level 3.0 Evocations


You had 8 spell levels left.
You didn't know any spells.
Your spell library was empty.

Dungeon Overview and Level Annotations

Branches:
Dungeon (7/15)             Temple (0/1) D:6

Altars:
Hepliaklqana
Makhleb
Nemelex Xobeh
Okawaru
Uskayaw
Vehumet
Yredelemnul

Shops:
D:5 [%*}

Annotations:
D:3 1 runed translucent door, n0claF's ghost, amateur TrFi


Innate Abilities, Weirdness & Mutations

You cannot wear most types of armour.
You are very stealthy in the water. (Stealth+)
You are amphibious.
You can wear up to eight rings at the same time.
You can use your tentacles to constrict eight enemies at once.
Your skin changes colour to match your surroundings (Stealth+).
Your rubbery body absorbs attacks. (AC +1, EV +1)
You are frail. (-10% HP)


Message History

You start waiting.
Done waiting.
Things that are here:
a +0 short sword; a ring mail; an orc corpse You butcher the orc corpse.
g - 3 chunks of flesh (gained 1)
Things that are here:
a +0 short sword; a ring mail; an orc skeleton
Things that are here:
a +0 short sword; a ring mail; an orc skeleton The leopard gecko is too close now for your liking.
You catch the helpless leopard gecko completely off-guard!
You hit the leopard gecko.
The leopard gecko seems to slow down.
You freeze the leopard gecko. Your grab misses the leopard gecko.
The leopard gecko is moderately wounded.
The leopard gecko completely misses you.
You hit the leopard gecko.
The leopard gecko seems to slow down.
You freeze the leopard gecko.
You kill the leopard gecko!
Makhleb accepts your kill.
No target in view!
No target in view!
No target in view!
You butcher the leopard gecko corpse.
g - 5 chunks of flesh (gained 2)
You see here a leopard gecko skeleton. x2
You see here a leopard gecko skeleton.
The orc is too close now for your liking.
You see here a ration.
An orc is nearby!
An orc is nearby!
The orc shouts!
You hit the orc. You freeze the orc.
You kill the orc!
Makhleb accepts your kill.
No target in view!
e - 9 rations (gained 1)
You now have 170 gold pieces (gained 7).
Found a stone staircase leading down.
You now have 183 gold pieces (gained 13).
Some of the chunks of flesh in your inventory have rotted away.
m - 2 scrolls of immolation {@r4} (gained 1)
e - 10 rations (gained 1)
Found a leather armour.
An orc comes into view. It is wielding a +0 dagger.
There are monsters nearby!
An orc comes into view. It is wielding a +0 vorpal flail.
The orc shouts!
The orc wizard shouts!
The orc wizard points at you and mumbles some strange words.
You feel yourself slow down.
The orc shouts! x2
The orc priest shouts!
You slash the orc wizard! You freeze the orc wizard. You grab the orc wizard.
You squeeze the orc wizard.
The orc wizard is severely wounded.
You hit the orc but do no damage.
You constrict the orc wizard, but do no damage.
The orc hits you but does no damage.
The orc wizard points at you and mumbles some strange words.
The magic dart hits you! The orc hits you with a +0 dagger.
The orc wizard casts a spell at you. The magic dart hits you.
You slash the orc wizard! You freeze the orc wizard.
You kill the orc wizard!
Makhleb accepts your kill.
You closely miss the orc. You block the orc's attack.
You closely miss the orc priest. You grab the orc priest. You slash the orc!
You freeze the orc.
You kill the orc!
Makhleb accepts your kill.
You hit the orc but do no damage.
You constrict the orc priest, but do no damage.
The orc priest hits you with a +0 whip. The orc barely misses you.
You hit the orc priest. You freeze the orc priest.
The orc priest is lightly wounded.
You closely miss the orc. You constrict the orc priest.
The orc priest invokes the aid of Beogh against you.
Beogh smites you!
The orc priest looks braver for a moment.
You hit the orc priest but do no damage.
The orc priest is moderately wounded.
You hit the orc. You freeze the orc.
You kill the orc!
Makhleb accepts your kill.
You can now summon a lesser servant of Makhleb.
You feel better.
You closely miss the orc.
You constrict the orc priest, but do no damage.
The orc hits you with a +0 vorpal flail.
* * * LOW HITPOINT WARNING * * *
The orc priest mumbles some strange prayers to Beogh against you.
Pain shoots through your body!
* * * LOW HITPOINT WARNING * * *
The orc hits you but does no damage.
You are too injured to fight recklessly!
You hit the orc priest. You freeze the orc priest.
The orc priest is heavily wounded.
You hit the orc. You freeze the orc. You constrict the orc priest!
The orc priest mumbles some strange prayers to Beogh against you.
Beogh smites you!
You die...

.. . #.. ..###)... #..#.
#..####..##.... #.#.
.....#..#..### ...###
.###.#....#.#### .>...
...........รท.... #..#
o###...#........ #.##
#.....#......
#####..######...####.#...
###.......@o............###
#######...#####.o)......#####...
....#...### ##........# ###..
......#########.........# #.
................######.#### #
....############# #....# ....#
####.## ....# #..# ....# ##.#


You could see an orc priest and an orc.

Vanquished Creatures
  Sigmund (D:5)
  2 ice beasts
  2 sky beasts
  A hornet zombie (D:6)
  A phantom (D:6)
  5 ogres
  2 centaurs (D:6)
  2 bullfrogs (D:6)
  A scorpion (D:6)
  2 crimson imps
  A bullfrog skeleton (D:3)
  A centaur skeleton (D:6)
  2 jellies
  An orc priest (D:7)
  2 orc wizards
  Ijyb (D:4)
  2 iguanas
  5 worker ants
  A hound skeleton (D:4)
  5 adders
  4 gnolls
  A shadow imp (D:6)
  2 oozes
  3 adder zombies (D:6)
  2 worms
  2 dart slugs (D:3)
  6 leopard geckos
  12 orcs
  5 bats
  3 giant cockroaches
  9 goblins
  10 hobgoblins
  3 jackals (D:3)
  4 quokkas
  2 ball pythons
  A frilled lizard (D:3)
  11 kobolds
  2 leopard gecko skeletons
  4 rats
126 creatures vanquished.

Notes
Turn   | Place    | Note
-------+----------+-------------------------------------------
     0 | D:1      | EnegeticOcto the Octopode Fighter began the quest for the
                  | Orb.
     0 | D:1      | Reached XP level 1. HP: 16/16 MP: 1/1
   176 | D:1      | Reached XP level 2. HP: 21/21 MP: 2/2
  1424 | D:2      | Reached XP level 3. HP: 24/26 MP: 3/3
  2032 | D:2      | Found a burning altar of Makhleb.
  2035 | D:2      | Found a basalt altar of Yredelemnul.
  2038 | D:2      | Found a radiant altar of Vehumet.
  2054 | D:2      | Became a worshipper of Makhleb the Destroyer
  2298 | D:3      | Found a runed translucent door.
  2302 | D:3      | Noticed n0claF's ghost (amateur TrFi)
  2607 | D:3      | Reached skill level 3 in Axes
  2607 | D:3      | Reached XP level 4. HP: 31/31 MP: 4/4
  2804 | D:3      | Reached skill level 1 in Invocations
  2804 | D:3      | Reached XP level 5. HP: 25/36 MP: 5/5
  3058 | D:3      | Reached * piety under Makhleb
  3195 | D:3      | Found an iron altar of Okawaru.
  3497 | D:4      | Noticed Ijyb
  3510 | D:4      | Killed Ijyb
  4037 | D:4      | Reached skill level 4 in Axes
  4037 | D:4      | Reached XP level 6. HP: 41/43 MP: 7/7
  4433 | D:4      | Found a hide-covered altar of Uskayaw.
  4544 | D:5      | Entered Level 5 of the Dungeon
  4660 | D:5      | Found a sparkling altar of Nemelex Xobeh.
  4660 | D:5      | Noticed Sigmund
  4660 | D:5      | Noticed an ice beast
  4688 | D:5      | Reached XP level 7. HP: 48/48 MP: 8/8
  4717 | D:5      | Killed Sigmund
  4717 | D:5      | Reached skill level 5 in Axes
  4938 | D:5      | Reached XP level 8. HP: 54/54 MP: 10/10
  4972 | D:5      | Found Vadwuriwk's Food Boutique.
  5087 | D:5      | Found a hazy altar of Hepliaklqana.
  5098 | D:5      | Found Ixack's Armour Shop.
  5210 | D:5      | Found Evveqe's General Store.
  5290 | D:5      | Found Halueto's Gadget Shop.
  5298 | D:5      | Bought a wand of paralysis (6) for 88 gold pieces
  5715 | D:6      | Reached skill level 5 in Fighting
  5845 | D:6      | Reached ** piety under Makhleb
  5845 | D:6      | Reached skill level 6 in Axes
  5845 | D:6      | Reached skill level 1 in Evocations
  5875 | D:6      | Reached skill level 5 in Dodging
  5875 | D:6      | Reached skill level 5 in Shields
  6162 | D:6      | Gained mutation: You are frail. (-10% HP) [potion of
                  | mutation]
  6162 | D:6      | Gained mutation: Your spells are a little easier to cast,
                  | but a little less powerful. [potion of mutation]
  6162 | D:6      | Lost mutation: Your spells are a little easier to cast, but
                  | a little less powerful. [potion of mutation]
  6405 | D:6      | Found a staircase to the Ecumenical Temple.
  6736 | D:6      | Reached XP level 9. HP: 47/54 MP: 12/12
  7199 | D:7      | Reached skill level 7 in Axes
  7686 | D:7      | Reached *** piety under Makhleb
  7687 | D:7      | Killed from afar by an orc priest

Levels and vault maps discovered:
D:1:      dpeg_arrival_court, layout_basic, minmay_cut_off
D:2:      layout_loops_ring, minmay_overflow_temple_star_quad,
          grunt_ministairs_12
D:3:      layout_loops_ring, okawaru_ov_weapons_minmay, first_ration,
          ebering_ghost_inner_flame, minmay_randomly_rotated_circles
D:4:      layout_basic, kennysheep_mini, minmay_stone_trees_small, uniq_ijyb
D:5:      layout_basic, lemuel_crystal_altar, nemelex_xobeh_ov_fountains_minmay,
          serial_shops, shop, shop, shop, shop, uniq_sigmund
D:6:      minmay_chambers_of_threes, layout_cave_pods, temple_statues,
          enter_ossuary_2, st_stairs_4
D:7:      layout_rooms, nicolae_overflow_hidden_temple

Skill      XL: |  1  2  3  4  5  6  7  8  9 |
---------------+----------------------------+-----
Axes           | 3 4 5 6 7 |  7.1
Invocations    | 1 2 3 4 |  4.6
Fighting       | 4 5 |  5.6
Shields        | 4 5 |  5.5
Dodging        | 4 5 |  5.6
Evocations     | 2 3 |  3.0

Action                   |  1- 3 |  4- 6 |  7- 9 || total
-------------------------+-------+-------+-------++-------
Melee: War axe           |    75 |    52 |       ||   127
       Constrict         |    17 |    18 |    28 ||    63
       Tentacles         |    12 |    17 |    39 ||    68
       Hand axe          |       |    41 |   172 ||   213
  Use: Scroll            |       |     7 |     5 ||    12
       Potion            |       |       |     1 ||     1
 Stab: Sleeping          |     3 |     2 |     3 ||     8
       Distracted        |       |       |     1 ||     1
  Eat: Chunk             |     5 |     7 |     9 ||    21
Armor: Skin              |     4 |     4 |     2 ||    10
Dodge: Dodged            |    32 |    48 |    67 ||   147
Block: Kite shield       |    30 |    45 |    65 ||   140

Table legend:
 A = Non-vault XP
 B = Vault XP
 C = Vault XP percentage of total XP
 D = Non-vault monster count
 E = Vault monster count
 F = Vault count percentage of total count
                 A         B        C        D         E       F
            +---------+---------+-------+---------+---------+-------
      Total |    2313 |     767 |  24.9 |     104 |      22 |  17.5
            +---------+---------+-------+---------+---------+-------
        D:1 |      24 |       4 |  14.3 |      15 |       3 |  16.7
        D:2 |      17 |       7 |  29.2 |       8 |       2 |  20.0
        D:3 |     186 |      13 |   6.5 |      30 |       6 |  16.7
        D:4 |     194 |      38 |  16.4 |       7 |       1 |  12.5
        D:5 |     627 |     223 |  26.2 |       9 |       1 |  10.0
        D:6 |     781 |     482 |  38.2 |      18 |       9 |  33.3
        D:7 |     484 |       0 |   0.0 |      17 |       0 |   0.0
            +---------+---------+-------+---------+---------+-------
